 Dungeon Crawl Stone Soup version 0.32-a0-738-g1a05c61809 (webtiles) character file.

Game seed: 18303189923601138168

429 Descartes the Ducker (level 6, -4/33 HPs)
             Began as a Felid Wanderer on Mar 17, 2024.
             Slain by a mummy (18 damage)
             ... in an ossuary.
             The game lasted 00:03:43 (2550 turns).

Descartes the Ducker (Felid Wanderer)               Turns: 2550, Time: 00:03:44

Health: -4/33      AC:  2    Str: 11    XL:     6   Next: 66%
Magic:  7/7        EV: 19    Int: 14    God:
Gold:   304        SH:  0    Dex: 16    Spells: 3/5 levels left
                                        Lives:  0   Deaths: 2

rFire   . .          .
                       - Unarmed
rCold   . . .        (shield unavailable)
rNeg    . . .        (body armour unavailable)
rPois   .            (helmet unavailable)
rElec   .            (cloak unavailable)
rCorr   .            (gloves unavailable)
SInv    +            (boots unavailable)
Will    .....        (no amulet)
Stlth   +++          (no ring)
HPRegen 0.25/turn    (no ring)
MPRegen 0.10/turn

%: no passive effects
@: no status effects
A: very small, claws 1, fangs 3, see invisible, shaggy fur 2, stealthy paws, no
weapons or thrown items, no armour, multi-lived
a: no special abilities


You were in an ossuary.
You visited 1 branch of the dungeon, and saw 4 of its levels.
You also visited: Ossuary.

You collected 304 gold pieces.

Inventory:

Jewellery
 f - a ring of protection from fire
Wands
 c - a wand of polymorph (4) (quivered)
Scrolls
 a - a scroll of summoning
 b - 2 scrolls of fog
 e - a scroll of enchant armour
 h - 2 scrolls of noise
 i - a scroll of brand weapon {unknown}
 k - 3 scrolls of teleportation {unknown}
 l - 5 scrolls of identify
 n - a scroll of poison {unknown}
 p - a scroll of immolation {unknown}
 r - a scroll of vulnerability {unknown}
Potions
 d - 3 potions of attraction
 g - a potion of might {unknown}
 m - 2 potions of mutation {unknown}
 o - a potion of heal wounds {unknown}
 q - a potion of degeneration {unknown}
 s - a potion of lignification {unknown}
 t - a potion of berserk rage {unknown}


   Skills:
 - Level 4.0 Fighting
 + Level 6.2 Dodging
 - Level 5.3 Stealth
 + Level 4.6 Unarmed Combat
 + Level 1.1 Translocations
 - Level 2.1 Evocations


You had 3 spell levels left.
You knew the following spells:

 Your Spells              Type           Power      Damage    Failure   Level
a - Blink                 Tloc           6%         N/A       28%         2

Your spell library contained the following spells:

 Spells                   Type           Power      Damage    Failure   Level
 Kiss of Death            Conj/Necr      0%         2d5       28%         1
 Magic Dart               Conj           0%         1d3       28%         1
 Lesser Beckoning         Tloc           6%         N/A       28%         2
 Momentum Strike          Conj/Tloc      2%         3d8       34%         2
 Searing Ray              Conj           0%         2d4       41%         2
 Confusing Touch          Hex            0%         N/A       65%         3
 Animate Dead             Necr           0%         N/A       96%         4
 Dispel Undead            Necr           0%         3d6       96%         4
 Fulminant Prism          Conj/Alch      0%         3d5       96%         4
 Borgnjor's Vile Clutch   Necr/Erth      0%         N/A       100%        5
 Death Channel            Necr           0%         N/A       100%        6
 Sculpt Simulacrum        Ice/Alch       0%         N/A       100%        6
 Ozocubu's Refrigeration  Ice            0%         4d7       100%        7
 Polar Vortex             Ice            0%         N/A       100%        9


Dungeon Overview and Level Annotations

Branches:
Dungeon (4/15)             Temple (0/1) D:4         Ossuary (1/1)

Altars:


Innate Abilities, Weirdness & Mutations

You have sharp claws.
You have razor-sharp teeth.
You have supernaturally acute eyesight. (SInv)
You are covered in thick fur. (AC +2)
Your paws help you pounce on unaware monsters.
You are incapable of wielding weapons or throwing items.
You cannot wear armour.
You gain extra lives every three experience levels.


Message History

You scratch the mummy.
The mummy is severely damaged.
The hobgoblin zombie misses you. The mummy hits you.
You are too injured to fight recklessly!
You are too injured to fight recklessly!
You are too injured to fight recklessly!
You are too injured to fight recklessly!
You are too injured to fight recklessly!
You are too injured to fight recklessly!
You are too injured to fight recklessly!
You are too injured to fight recklessly!
You are too injured to fight recklessly!
You are too injured to fight recklessly!
You are too injured to fight recklessly!
Unknown command.
The hobgoblin zombie completely misses you.
There is an open door here.
You scratch the mummy.
The mummy is lightly damaged.
You scratch the mummy. You bite the mummy.
The mummy is almost destroyed.
There is an open door here.
Unknown command.
You scratch the mummy.
The mummy is heavily damaged.
The mummy hits you!
* * * LOW HITPOINT WARNING * * *
The mummy misses you.
Unknown command.
You scratch the mummy. You bite the mummy.
The mummy is almost destroyed.
The mummy closely misses you.
Unknown command.
You scratch the mummy.
You destroy the mummy!
The mummy completely misses you.
Your Translocations skill increases to level 1!
You feel better. The mummy hits you!!
Ouch! That really hurt!
You die...

#########
.......## ##
#......## #..
#......#
....##.....#
................#
...........MZ.##
.........ZMM##
........##@#
......##..##
#....##....##
#....#......##
#....#.......#
#....#.......#
#....#.......#
#....#......##
#.ZM.##.....#


You could see 3 mummies, a hobgoblin zombie and a kobold zombie.

Vanquished Creatures
  Sigmund (D:2)
  A bombardier beetle (D:3)
  An orc priest (D:3)
  Jessica (D:2)
  A sleepcap (D:3)
  3 mummies (Ossuary)
  An adder (D:3)
  2 dart slugs
  3 ribbon worms
  7 orcs (D:3)
  7 endoplasms
  2 giant cockroaches (D:1)
  A gnoll zombie (Ossuary)
  6 goblins
  4 hobgoblins
  4 jackals
  5 kobolds
  5 quokkas
  8 ball pythons
  11 bats
  8 frilled lizards
  2 hobgoblin zombies (Ossuary)
  2 kobold zombies (Ossuary)
  An orc zombie (Ossuary)
  3 rats
90 creatures vanquished.

Notes
Turn   | Place    | Note
-------+----------+-------------------------------------------
     0 | D:1      | Descartes the Felid Wanderer began the quest for the Orb.
     0 | D:1      | Descartes set off with the following items: a scroll of
                  | summoning, a scroll of fog, a wand of polymorph (4), a
                  | potion of attraction.
     0 | D:1      | Reached XP level 1. HP: 13/13 MP: 2/2
    62 | D:1      | Reached skill level 1 in Dodging
    69 | D:1      | Reached skill level 1 in Unarmed Combat
    77 | D:1      | Reached XP level 2. HP: 17/17 MP: 3/3
   258 | D:1      | Reached skill level 2 in Dodging
   488 | D:1      | Reached XP level 3. HP: 17/21 MP: 4/4
   867 | D:1      | Slain by a ribbon worm
   867 | D:1      | Lost a life (0 lives remaining)
   953 | D:2      | Noticed Jessica
   958 | D:2      | Killed Jessica
   959 | D:2      | Reached skill level 3 in Dodging
   959 | D:2      | Reached XP level 4. HP: 25/25 MP: 5/5
   959 | D:2      | Gained a life (1 life remaining)
  1246 | D:2      | Noticed Sigmund
  1263 | D:2      | Killed Sigmund
  1264 | D:2      | Reached skill level 5 in Dodging
  1264 | D:2      | Reached XP level 5. HP: 4/29 MP: 6/6
  1752 | D:3      | Gained mutation: You are covered in thick fur. (AC +2)
                  | [Felid growth]
  1752 | D:3      | Reached XP level 6. HP: 18/33 MP: 7/7
  2097 | D:3      | Reached skill level 6 in Dodging
  2130 | D:3      | Learned a level 2 spell: Blink
  2431 | D:4      | Found a sand-covered staircase.
  2440 | Ossuary  | Entered an ossuary
  2481 | Ossuary  | Mangled by a mummy
  2481 | Ossuary  | Lost a life (0 lives remaining)
  2550 | Ossuary  | Reached skill level 1 in Translocations
  2550 | Ossuary  | Slain by a mummy

Illustrated notes

Levels and vault maps discovered:
D:1:      ebering_trefoil_3fold, layout_basic
D:2:      minmay_wonky_spiral, layout_loops_ring, minmay_pentomino_u4,
          uniq_sigmund, uniq_jessica
D:3:      layout_rooms
D:4:      layout_rooms, minmay_temple_entry_statues,
          nicolae_ossuary_entry_ruins, nicolae_concentric_dashed_squares_mild,
          dk_noncrumbling_4, kennysheep_generic_room_7, uniq_eustachio
Ossuary:  ossuary_tomb_3

Skill      XL: |  1  2  3  4  5  6 |
---------------+-------------------+-----
Dodging        | 1 2 3 5 6 |  6.2
Unarmed Combat | 1 2 3 4 |  4.6
Translocations | 1 |  1.1
Fighting       | |  4.0
Stealth        | |  5.3
Evocations     | |  2.1

Action                     |  1- 3 |  4- 6 || total
---------------------------+-------+-------++-------
  Melee: Unarmed           |    97 |   150 ||   247
         Bite              |    15 |    21 ||    36
         Punch             |     2 |     9 ||    11
    Use: Scroll            |       |     4 ||     4
         Potion            |       |     2 ||     2
   Stab: Sleeping          |    12 |    10 ||    22
         Distracted        |       |     2 ||     2
 Armour: Skin              |    49 |    43 ||    92
  Dodge: Dodged            |    69 |   128 ||   197

Table legend: (Time is in decaauts)
 A = Elapsed time spent in this place.
 B = Non-inter-level travel time spent in this place.
 C = Inter-level travel time spent in this place.
 D = Time resting spent in this place.
 E = Time spent auto-exploring this place.
 F = Levels seen in this place.
 G = Mean time per level.
                   A        B        C        D        E       F      G
               +--------+--------+--------+--------+--------+-----+--------+
         Total |   2535 |   2352 |    183 |      0 |   1779 |   5 |  507.0 |
       Dungeon |   2429 |   2246 |    183 |      0 |   1738 |   4 |  607.2 |
       Ossuary |    106 |    106 |      0 |      0 |     41 |   1 |  106.0 |
               +--------+--------+--------+--------+--------+-----+--------+

Top non-repeatable levels by time:
     D:2: 859 daAuts
     D:1: 850 daAuts
     D:3: 702 daAuts
 Ossuary: 106 daAuts
     D:4: 17 daAuts
